 Dungeon Crawl Stone Soup version 0.23.0-3-gf3c87f2 (webtiles) character file.

Game seed: 1434501445074145751

1033 Borgoz the Sneak (level 8, -2/66 HPs)
             Began as a Ghoul Enchanter on Feb 24, 2019.
             Was an Initiate of Ashenzari.
             Slain by an orc wizard
             ... wielding a +0 dagger
              (3 damage)
             ... on level 5 of the Dungeon.
             The game lasted 00:18:20 (6612 turns).

Borgoz the Sneak (Ghoul Enchanter)                  Turns: 6612, Time: 00:18:20

Health: -2/66      AC:  3    Str: 13 (16) XL:     8   Next: 24%
Magic:  8/11       EV: 12    Int:  8 (10) God:    Ashenzari [......]
Gold:   216        SH:  0    Dex:  9 (11) Spells: 8/13 levels left

rFire    . . .     SeeInvis .   a - +1 dagger (speed)
rCold    + . .     Gourm    .   (no shield)
rNeg     + + +     Faith    .   u - +0 leather armour
rPois    ∞         Spirit   .   (no helmet)
rElec    .         Reflect  .   (no cloak)
rCorr    .         Harm     .   (no gloves)
MR       .....                  (no boots)
Stlth    ++........             (no amulet)
HPRegen  0.00/turn              f - +4 ring of strength (curse)
MPRegen  0.12/turn              (no ring)

@: very slightly contaminated, rotting, hasted, very quick
A: rotting body, claws 1, carnivore, cold resistance 1, negative energy
resistance 3, inhibited regeneration, torment resistance, unbreathing
a: Curse Item, Renounce Religion


You were on level 5 of the Dungeon.
You worshipped Ashenzari.
Ashenzari was noncommittal.
You were not hungry.

You visited 2 branches of the dungeon, and saw 7 of its levels.
You also visited: Sewer.

You collected 216 gold pieces.

Inventory:

Hand Weapons
 a - a +1 dagger of speed (weapon)
Missiles
 c - 5 needles of sleeping
Armour
 u - a +0 leather armour (worn)
Jewellery
 e - an uncursed ring of ice
 f - a cursed +4 ring of strength (left claw)
Wands
 k - a wand of flame (11)
 l - a wand of iceblast (2)
 q - a wand of acid (7)
 s - a wand of disintegration (16)
Scrolls
 h - 3 scrolls of remove curse
 n - a scroll of enchant weapon {unknown}
 p - a scroll of vulnerability {unknown}
Potions
 i - 2 potions of flight
 o - a potion of agility
Comestibles
 d - 12 rations
 t - 2 chunks of flesh


   Skills:
 + Level 3.9 Fighting
 + Level 3.2 Short Blades
 - Level 1.5 Throwing
 - Level 1.6 Armour
 + Level 3.7 Dodging
 + Level 5.4 Stealth
 + Level 3.0 Spellcasting
 + Level 3.8 Hexes


You had 8 spell levels left.
You knew the following spells:

 Your Spells              Type           Power        Failure   Level  Hunger
a - Confuse               Hex            #.......     26%         3    ####...
b - Ensorcelled Hibernat  Hex/Ice        #.....       28%         2    ###....

Your spell library contained the following spells:

 Spells                   Type           Power        Failure   Level  Hunger
 Corona                   Hex            #......      9%          1    ##.....
 Tukima's Dance           Hex            #.......     26%         3    ####...
 Dazzling Spray           Conj/Hex       #.....       50%         3    ####...


Dungeon Overview and Level Annotations

Branches:
Dungeon (6/15)             Temple (1/1) D:5

Altars:
Ashenzari
Cheibriados
Elyvilon
Fedhas
Gozag
Hepliaklqana
Kikubaaqudgha
Makhleb
Okawaru
Qazlal
Ru
Sif Muna
Uskayaw
Xom
Zin
The Shining One


Innate Abilities, Weirdness & Mutations

Your body is rotting away.
You thrive on raw meat.
You are immune to poison.
You have sharp fingernails.
You are carnivorous and can eat meat at any time.
Your flesh is cold resistant. (rC+)
You are immune to negative energy. (rN+++)
You do not regenerate when monsters are visible.
You are immune to unholy pain and torment.
You can survive without breathing.


Message History

Confirm with . or Enter, or press ? or * to list all spells.
Aiming: Ensorcelled Hibernation (safe; 24% risk of failure)
Press: ? - help, Shift-Dir - straight line, f/p - orc warrior
Aim: an orc warrior, wielding a -3 war axe and wearing a +0 chain mail (severely wounded, chance to defeat MR: 37%)
The orc warrior looks drowsy...
The helpless orc warrior fails to defend itself.
You impale the orc warrior!!
You kill the orc warrior!
Okay, then.
Okay, then.
You hear some strange, mumbled words.
A puff of flame appears from out of thin air!
The puff of flame hits you!
* * * LOW HITPOINT WARNING * * *
There is a dry fountain here.
It was a potion of degeneration.
There was something very wrong with that liquid.
You feel weakened.
You feel dopey.
You feel clumsy.
It was a potion of haste.
You feel yourself speed up. Something hits you.
You die...

.# ###.######.......##
.#########...####.........#
................+..<......+
.#######..................#
.# #...#...#.........## .##
#.(.#.⌠.#........## ..#
#.###...###.#...## ..#
#...........##+## ..#
#..⌠..>.o@....... .##
#.(.....{....#.## .#
##.###...###..#. ##
#....#.⌠.#.......#.
#....#...#........ .
#......).........#.
#......#.###......
#####.###.#####.## #.##
##).....####


You could see an orc.

Vanquished Creatures
  An orc warrior (D:5)
  Purgy (Sewer)
  2 ogres
  A scorpion (D:6)
  A howler monkey (D:4)
  A centaur skeleton (D:4)
  2 hounds (D:5)
  3 orc priests (D:4)
  Jessica (D:3)
  A bullfrog skeleton (D:3)
  An orc wizard (D:4)
  Natasha (thrice) (D:3)
  3 worker ants
  A hound skeleton (D:4)
  7 adders
  An adder skeleton (D:4)
  3 worms (D:3)
  2 dart slugs
  A leopard gecko (D:3)
  10 orcs
  4 ball pythons
  17 bats
  3 giant cockroaches
  8 goblins
  2 hobgoblins
  2 jackals (D:5)
  6 kobolds
  6 frilled lizards
  8 rats
102 creatures vanquished.

Notes
Turn   | Place    | Note
-------+----------+-------------------------------------------
     0 | D:1      | Borgoz the Ghoul Enchanter began the quest for the Orb.
     0 | D:1      | Reached XP level 1. HP: 14/14 MP: 2/2
   192 | D:1      | Reached skill level 1 in Short Blades
   228 | D:1      | Reached XP level 2. HP: 3/21 MP: 3/3
   698 | D:1      | Learned a level 2 spell: Ensorcelled Hibernation
   972 | D:2      | Reached XP level 3. HP: 23/27 MP: 4/4
  1251 | D:2      | Reached skill level 1 in Fighting
  1403 | D:2      | Reached skill level 1 in Armour
  1503 | D:2      | Reached XP level 4. HP: 18/34 MP: 0/6
  1943 | D:2      | Reached skill level 1 in Throwing
  2208 | D:3      | Noticed Jessica
  2213 | D:3      | Killed Jessica
  2231 | D:3      | Reached XP level 5. HP: 16/40 MP: 4/7
  3100 | D:3      | Noticed Natasha
  3121 | D:3      | Killed Natasha
  3128 | D:3      | Found an opulent altar of Gozag.
  3128 | D:3      | Found a hazy altar of Hepliaklqana.
  3130 | D:3      | Found a glowing golden altar of the Shining One.
  3206 | D:3      | Noticed Natasha
  3217 | D:3      | Killed Natasha
  3217 | D:3      | Reached skill level 4 in Stealth
  3432 | D:3      | Noticed Natasha
  3763 | D:4      | Reached XP level 6. HP: 36/48 MP: 8/8
  3935 | D:5      | Entered Level 5 of the Dungeon
  3941 | D:5      | Learned a level 3 spell: Confuse
  4053 | D:5      | Found a glowing drain.
  4090 | Sewer    | Entered a sewer
  4125 | Sewer    | Noticed Purgy
  4313 | Sewer    | Killed Purgy
  4521 | D:5      | Found a staircase to the Ecumenical Temple.
  4548 | D:5      | Reached XP level 7. HP: 54/56 MP: 1/9
  4626 | Temple   | Entered the Ecumenical Temple
  4803 | Temple   | Became a worshipper of Ashenzari the Shackled
  5659 | D:3      | Killed Natasha
  5755 | D:4      | Reached skill level 5 in Stealth
  6176 | D:5      | Found a shimmering altar of Xom.
  6321 | D:5      | Reached XP level 8. HP: 48/64 MP: 4/11
  6609 | D:5      | HP: 1/66 [something/puff of flame (9)]
  6612 | D:5      | Slain by an orc wizard

Skill      XL: |  1  2  3  4  5  6  7  8 |
---------------+-------------------------+-----
Short Blades   | 1 2 3 |  3.2
Dodging        | 2 3 |  3.7
Spellcasting   | 2 3 |  3.0
Fighting       | 1 2 3 |  3.9
Armour         | 1 |  1.6
Throwing       | 1 |  1.5
Stealth        | 4 5 |  5.4
Hexes          | 3 |  3.8

Action                   |  1- 3 |  4- 6 |  7- 9 || total
-------------------------+-------+-------+-------++-------
Melee: Dagger            |   155 |   267 |   132 ||   554
 Cast: Corona            |     2 |       |       ||     2
       Ensorcelled Hiber |     7 |    37 |    28 ||    72
       Confuse           |       |     2 |     3 ||     5
Invok: Curse Item        |       |       |     1 ||     1
  Use: Potion            |     2 |     2 |     3 ||     7
       Scroll            |     3 |     9 |       ||    12
 Stab: Sleeping          |     6 |    18 |    14 ||    38
       Confused          |       |     1 |       ||     1
       Distracted        |       |       |     1 ||     1
  Eat: Chunk             |     9 |    18 |    10 ||    37
Armor: Robe              |    63 |    53 |     5 ||   121
       Leather armour    |       |       |     1 ||     1
Dodge: Dodged            |    95 |   170 |    65 ||   330
